 Dungeon Crawl Stone Soup version 0.18.1-50-g88ac8fd (webtiles) character file.

21255 Chiseanne the Fighter (level 12, -2/109 HPs)
             Began as a Centaur Air Elementalist on Oct 2, 2016.
             Was an Initiate of Gozag.
             Hit by a large rock thrown by a stone giant (18 damage)
             ... on level 1 of the Orcish Mines.
             The game lasted 01:10:23 (22336 turns).

Chiseanne the Fighter (Centaur Air Elementalist)   Turns: 22336, Time: 01:10:24

Health: -2/109     AC: 18    Str: 12    XL:     12   Next: 52%
Magic:  25/33      EV: 10    Int: 15    God:    Gozag
Gold:   421        SH:  0    Dex: 12    Spells: 3 memorised, 21 levels left

rFire  + + +     SeeInvis +     a - +10 short sword of Inference {flame, +Inv rPois rF++ Int-3}
rCold  + . .     Gourm    .     D - +5 ring mail "Gaazas" {rElec rF++ rCorr}
rNeg   + + .     Faith    .     (no shield)
rPois  +         Spirit   .     p - +1 helmet
rElec  +         Dismiss  .     z - +0 cloak {rPois}
rCorr  +         Reflect  .     L - +1 pair of gloves {archery}
SustAt .         Harm     .     (no barding)
MR     .....     Clarity  +     (no amulet)
Stlth  ..........               y - ring of the Kraken {rC+ MP+9}
                                G - ring of Otoj {rCorr rN++ Dex+2 SInv Stlth-}

@: very slightly contaminated, repel missiles, very quick, not resistant to
hostile enchantments, extremely unstealthy
A: hooves 3, rugged brown scales 1, berserk 1, clarity, deformed body, speed 2,
tough skin 3
a: Potion Petition, Call Merchant, Bribe Branch, Renounce Religion, Evoke
Invisibility


You were on level 1 of the Orcish Mines.
You worshipped Gozag.
Gozag was noncommittal.
You were not hungry.

You visited 2 branches of the dungeon, and saw 13 of its levels.

You collected 5191 gold pieces.
You spent 3080 gold pieces at shops.
You paid 1690 gold pieces to Gozag.

Inventory:

Hand Weapons
 a - the +10 short sword of Inference (weapon) {flame, +Inv rPois rF++ Int-3}
   (You found it on level 6 of the Dungeon)

   It has been specially enchanted to burn those struck by it, causing extra
   injury to most foes and up to half again as much damage against particularly
   susceptible opponents.
   It affects your intelligence (-3).
   It greatly protects you from fire.
   It protects you from poison.
   It lets you turn invisible.
 d - the +4 hand axe of Dust {flame, MR+}
   (You bought it in a shop on level 11 of the Dungeon)

   It has been specially enchanted to burn those struck by it, causing extra
   injury to most foes and up to half again as much damage against particularly
   susceptible opponents.
   Big, fiery blades are also staple armaments of hydra-hunters.
   It affects your resistance to hostile enchantments.
 s - the +7 flail "Hyckuuje" {freeze, Dex+6}
   (You bought it in a shop on level 11 of the Dungeon)

   It has been specially enchanted to freeze those struck by it, causing extra
   injury to most foes and up to half again as much damage against particularly
   susceptible opponents.
   It can also slow down cold-blooded creatures.
   It affects your dexterity (+6).
 w - a +0 blowgun
Missiles
 e - 305 stones (quivered)
 j - 327 arrows
 m - 62 bolts
 q - 49 poisoned needles
 v - 58 sling bullets
 B - 8 javelins
 M - a throwing net
Armour
 o - the cursed +0 cloak of Fedhas's Generosity {rPois rF+ rC- MR++ Int+4}
   (You found it on level 9 of the Dungeon)

   It affects your intelligence (+4).
   It protects you from fire.
   It makes you vulnerable to cold.
   It protects you from poison.
   It affects your resistance to hostile enchantments.
   It has a curse placed upon it.
 p - a +1 helmet (worn)
 z - a +0 cloak of poison resistance (worn)
 D - the +5 ring mail "Gaazas" (worn) {rElec rF++ rCorr}
   (You bought it in a shop on level 7 of the Dungeon)

   It greatly protects you from fire.
   It insulates you from electricity.
   It protects you from acid and corrosion.
 L - a +1 pair of gloves of archery (worn)
Jewellery
 y - the ring of the Kraken (right hand) {rC+ MP+9}
   (You bought it in a shop on level 8 of the Dungeon)

   [ring of magical power]

   It protects you from cold.
   It affects your magic capacity (+9).
 G - the ring of Otoj (left hand) {rCorr rN++ Dex+2 SInv Stlth-}
   (You bought it in a shop on level 8 of the Dungeon)

   [ring of resist corrosion]

   It affects your dexterity (+2).
   It greatly protects you from negative energy.
   It lets you see invisible.
   It makes you less stealthy.
Wands
 c - a wand of teleportation (3/9)
 k - a wand of digging (7/24)
 r - a wand of teleportation (2/9)
 J - a wand of digging (9/24)
 N - a wand of lightning (2/15)
Scrolls
 g - a scroll of remove curse
 i - 2 scrolls of identify
 n - 5 scrolls of amnesia
 x - 2 scrolls of fog
 A - 2 scrolls of recharging
 C - 2 scrolls of immolation
 E - 3 scrolls of teleportation
 K - a scroll of blinking
Potions
 f - 2 potions of resistance
 h - a potion of ambrosia
 l - a potion of lignification
 t - 4 potions of curing
 u - 4 potions of flight
 F - 3 potions of brilliance
Books
 b - a book of Air

   Spells                             Type                      Level
   a - Shock                          Conjuration/Air              1
   b - Swiftness                      Charms/Air                   2
   c - Repel Missiles                 Charms/Air                   2
   d - Static Discharge               Conjuration/Air              3
   e - Lightning Bolt                 Conjuration/Air              5
 H - a book of Burglary

   Spells                             Type                      Level
   a - Swiftness                      Charms/Air                   2
   b - Passwall                       Transmutation/Earth          2
   c - Passage of Golubria            Translocation                4
   d - Lee's Rapid Deconstruction     Earth                        5
   e - Darkness                       Hexes                        6
   f - Invisibility                   Hexes                        6
Comestibles
 I - 3 meat rations


   Skills:
 - Level 10.1 Fighting
 * Level 6.7 Armour
 - Level 4.6 Dodging
 - Level 1.2 Stealth
 * Level 8.2 Spellcasting
 * Level 9.9 Conjurations
 * Level 2.6 Charms
 - Level 2.6 Air Magic


You had 21 spell levels left.
You knew the following spells:

 Your Spells              Type           Power        Failure   Level  Hunger
a - Shock                 Conj/Air       ####         1%          1    None
b - Repel Missiles        Chrm/Air       ##....       14%         2    None
c - Static Discharge      Conj/Air       ####....     8%          3    ##.....


Dungeon Overview and Level Annotations

Branches:
Dungeon (12/15)            Temple (0/1) D:7            Lair (0/8) D:8
    Orc (1/2) D:12

Altars:
Ashenzari
Cheibriados
Dithmenos
Fedhas
Gozag
Kikubaaqudgha
Nemelex Xobeh
Okawaru
Pakellas
Ru
Trog
Vehumet
Xom
Yredelemnul
Zin
The Shining One
Beogh

Shops:
D:4 *   D:5 *   D:7 [   D:8 =   D:11 (

Portals:
Trove: D:10 (show abyssal rune of Zot)

Annotations:
D:3 Regeox's ghost, weakling HaHu


Innate Abilities, Weirdness & Mutations

You have hooves in place of feet.
Armour fits poorly on your strangely shaped body.
You cover ground very quickly.
You have extremely tough skin (AC +3).
You are partially covered in rugged brown scales (AC +1, +3% HP).
You tend to lose your temper in combat.
You possess an exceptional clarity of mind.


Message History

The stone giant is struck by lightning.
The stone giant is lightly wounded.
The lightning arcs!
You are struck by lightning.
You resist. The stone giant hits you!
Casting: Static Discharge
Confirm with . or Enter, or press ? or * to list all spells.
The stone giant is struck by lightning.
The stone giant is moderately wounded.
The lightning grounds out.
The stone giant hits you.
Casting: Static Discharge
Confirm with . or Enter, or press ? or * to list all spells.
You miscast Static Discharge.
You are very lightly contaminated with residual magic.
You are blasted with air!
The stone giant hits you!!
* * * LOW HITPOINT WARNING * * *
Drink which item? (? for menu, Esc to quit)
Okay, then.
The stone giant throws a large rock.
The large rock hits you!!
You die...
Your body crumbles into a pile of gold.

### .# ##.## ... #...# ###.#
###..#######....
##.#.....##.##...
#.##....##.......
##...............
###....^.........#. #
#######.@...##...........
#.C.##.#.#.......####.....#.#.
.......(..#......# #......#.##
....#..#..C##.....#....##....#
. ........##...........#....).
..$...........#.....#.##......
.............###....# ##.....
...........#.# ...... ###...
............... ... #..#


You could see a stone giant.

Vanquished Creatures
  Josephine (D:11)
  An unseen horror (D:11)
  4 hill giants
  Pikel (D:7)
  A manticore (D:12)
  2 ugly things
  2 cyclopes
  Psyche (D:11)
  A gargoyle (D:10)
  The ghost of Duraxyll the Skirmisher, a novice GrBe of Trog (D:6)
  2 trolls
  A queen bee (D:10)
  2 two-headed ogres (D:12)
  2 slime creatures (D:12)
  4 wraiths (D:11)
  A shadow (D:12)
  13 yaks
  3 hippogriffs
  A hungry ghost (D:10)
  4 wargs
  A soldier ant (D:12)
  A water moccasin (D:12)
  The ghost of Charly the Covert, an amateur SpEn (D:7)
  10 orc warriors
  3 ice beasts
  5 phantoms
  A necrophage (D:12)
  2 sky beasts
  3 eyes of draining
  5 black bears
  5 ogres
  2 wasps
  11 centaurs
  4 big kobolds
  8 giant frogs
  2 gnoll sergeants
  A scorpion (D:6)
  23 killer bees
  8 wights
  An electric eel (D:10)
  5 howler monkeys
  5 crimson imps
  3 giant frog zombies
  A wyvern simulacrum (D:10)
  2 centaur zombies
  6 hounds
  8 jellies
  12 orc priests
  14 orc wizards
  Crazy Yiuf (D:4)
  3 centaur skeletons
  Jessica (D:2)
  3 iguanas
  3 giant frog skeletons
  9 worker ants
  2 centaur simulacra (D:10)
  A hound skeleton (D:7)
  A howler monkey zombie (D:11)
  A worker ant zombie (D:11)
  13 adders
  11 gnolls
  2 shadow imps
  2 white imps (D:10)
  2 worker ant simulacra (D:10)
  An ufetubus (D:10)
  An ooze (D:3)
  2 adder zombies
  4 worms
  A dart slug (D:1)
  11 giant geckos
  56 orcs
  9 giant cockroaches
  7 goblins
  8 hobgoblins
  5 jackals
  26 kobolds
  6 quokkas
  8 bats
  2 giant gecko skeletons
  2 giant newts
  A jackal skeleton (D:4)
  2 quokka skeletons
  A quokka zombie (D:4)
  9 rats
  A fungus (D:5)
419 creatures vanquished.

Vanquished Creatures (others)
  A giant gecko (D:7)
  An orc (D:12)
  4 fungi (D:5)
6 creatures vanquished.

Grand Total: 425 creatures vanquished

Notes
Turn   | Place    | Note
--------------------------------------------------------------
     0 | D:1      | Chiseanne the Centaur Air Elementalist began the quest for the Orb.
     0 | D:1      | Reached XP level 1. HP: 14/14 MP: 3/3
    70 | D:1      | Reached skill level 1 in Conjurations
   434 | D:1      | Reached skill level 1 in Fighting
   434 | D:1      | Reached XP level 2. HP: 23/23 MP: 0/4
  1581 | D:1      | Reached XP level 3. HP: 20/28 MP: 0/5
  1665 | D:1      | Learned a level 2 spell: Repel Missiles
  1924 | D:2      | Found a faded altar to an unknown god.
  2527 | D:2      | Reached XP level 4. HP: 36/36 MP: 0/6
  2648 | D:2      | Learned a level 3 spell: Static Discharge
  2780 | D:2      | Found a sacrificial altar of Ru.
  3219 | D:2      | Reached skill level 2 in Fighting
  3680 | D:2      | Noticed Jessica
  3688 | D:2      | Killed Jessica
  3688 | D:2      | Reached XP level 5. HP: 41/41 MP: 0/8
  3998 | D:3      | Noticed Regeox's ghost (weakling HaHu)
  4443 | D:3      | Found a snail-covered altar of Cheibriados.
  4443 | D:3      | Found an ancient bone altar of Kikubaaqudgha.
  4873 | D:4      | Found Ikloaj's Assorted Antiques.
  5030 | D:4      | Found a basalt altar of Yredelemnul.
  5160 | D:4      | Reached XP level 6. HP: 34/50 MP: 0/9
  5309 | D:4      | Found a shadowy altar of Dithmenos.
  5586 | D:4      | Reached skill level 3 in Fighting
  5736 | D:5      | Entered Level 5 of the Dungeon
  6474 | D:4      | Found a sparkling altar of Nemelex Xobeh.
  7233 | D:4      | Found an opulent altar of Gozag.
  7237 | D:4      | Became a worshipper of Gozag Ym Sagoz the Greedy
  7286 | D:4      | Noticed Crazy Yiuf
  7344 | D:4      | Killed Crazy Yiuf
  7344 | D:4      | Reached XP level 7. HP: 40/57 MP: 2/11
  7632 | D:4      | Found a shattered altar of Ashenzari.
  8373 | D:4      | Reached skill level 4 in Fighting
  9059 | D:5      | Found Useuth's General Store.
  9065 | D:5      | Bought a potion of brilliance for 48 gold pieces
  9065 | D:5      | Bought a potion of heal wounds for 60 gold pieces
  9065 | D:5      | Bought a scroll of noise for 12 gold pieces
  9202 | D:4      | Bought a scroll of identify for 42 gold pieces
  9202 | D:4      | Bought a bubbling brown potion for 18 gold pieces
  9202 | D:4      | Bought a square zirconium amulet for 105 gold pieces
  9202 | D:4      | Bought a scroll labeled MAG YGGEUR for 21 gold pieces
  9217 | D:4      | Gained mutation: You are partially covered in rugged brown scales (AC +1, +3% HP). [potion of mutation]
  9217 | D:4      | Gained mutation: You tend to lose your temper in combat. [potion of mutation]
  9217 | D:4      | Gained mutation: You possess an exceptional clarity of mind. [potion of mutation]
  9322 | D:5      | Reached XP level 8. HP: 69/69 MP: 7/13
 10204 | D:6      | Found an oddly glowing altar of Pakellas.
 10257 | D:6      | Got an iridescent short sword
 10258 | D:6      | Identified the +10 short sword of Inference {flame, +Inv rPois rF++ Int-3} (You found it on level 6 of the Dungeon)
 10395 | D:6      | Reached skill level 5 in Fighting
 10441 | D:6      | Reached skill level 5 in Conjurations
 10798 | D:6      | Noticed Duraxyll's ghost (novice GrBe)
 10908 | D:6      | Killed Duraxyll's ghost
 10908 | D:6      | Reached XP level 9. HP: 26/77 MP: 6/15
 11465 | D:7      | Found Plog's Antique Armour Boutique.
 11470 | D:7      | Bought an encrusted ring mail for 315 gold pieces
 11470 | D:7      | Identified the +5 ring mail "Gaazas" {rElec rF++ rCorr} (You bought it in a shop on level 7 of the Dungeon)
 11501 | D:7      | Noticed Charly's ghost (amateur SpEn)
 11529 | D:7      | Killed Charly's ghost
 11529 | D:7      | Reached skill level 6 in Fighting
 11723 | D:7      | Found a radiant altar of Vehumet.
 11805 | D:7      | Noticed Pikel
 11812 | D:7      | Killed Pikel
 11812 | D:7      | Reached skill level 1 in Armour
 11812 | D:7      | Reached skill level 5 in Spellcasting
 11840 | D:7      | Found a shimmering altar of Xom.
 12087 | D:7      | Found a staircase to the Ecumenical Temple.
 12108 | D:7      | Found a blossoming altar of Fedhas.
 12514 | D:8      | Reached skill level 7 in Fighting
 12536 | D:8      | Reached XP level 10. HP: 64/88 MP: 1/18
 12878 | D:8      | Found a bloodstained altar of Trog.
 12893 | D:8      | Identified a scroll of acquirement
 12956 | D:7      | Bought a pair of embroidered gloves for 157 gold pieces
 13039 | D:8      | Bought the ring of Otoj {rCorr rN++ Dex+2 SInv Stlth-} for 578 gold pieces
 13046 | D:8      | Bought the ring of the Kraken {rC+ MP+9} for 442 gold pieces
 13370 | D:8      | Bought a cursed ring of teleportation for 58 gold pieces
 13400 | D:8      | Found a glowing golden altar of the Shining One.
 13814 | D:8      | Found a staircase to the Lair.
 14341 | D:9      | Got a distressingly furry cloak
 14361 | D:9      | Identified the cursed +0 cloak of Fedhas's Generosity {rPois rF+ rC- MR++ Int+4} (You found it on level 9 of the Dungeon)
 14812 | D:9      | Reached skill level 8 in Fighting
 14869 | D:10     | Entered Level 10 of the Dungeon
 15122 | D:10     | Reached XP level 11. HP: 35/97 MP: 21/21
 16330 | D:10     | Found a portal to a secret trove of treasure.
 16646 | D:10     | Reached skill level 9 in Fighting
 16865 | D:11     | Found a glowing silver altar of Zin.
 16917 | D:11     | Bought a bloodstained flail for 272 gold pieces
 16918 | D:11     | Identified the +7 flail "Hyckuuje" {freeze, Dex+6} (You bought it in a shop on level 11 of the Dungeon)
 16949 | D:11     | Noticed Josephine
 16959 | D:11     | Reached skill level 5 in Armour
 16963 | D:11     | Killed Josephine
 16993 | D:11     | Noticed an unseen horror
 17012 | D:11     | Killed an unseen horror
 17257 | D:11     | Noticed Psyche
 17264 | D:11     | Killed Psyche
 17400 | D:11     | Noticed a hill giant
 17402 | D:11     | Noticed a hill giant
 17404 | D:11     | Noticed a purple ugly thing
 17672 | D:10     | Killed a hill giant
 17807 | D:10     | Killed a hill giant
 18469 | D:11     | Killed a purple ugly thing
 18909 | D:12     | Reached XP level 12. HP: 105/109 MP: 23/23
 19090 | D:12     | Found a roughly hewn altar of Beogh.
 19090 | D:12     | Found a staircase to the Orcish Mines.
 19405 | D:12     | Reached skill level 10 in Fighting
 19860 | D:12     | Found an iron altar of Okawaru.
 20125 | D:12     | Reached skill level 1 in Charms
 21605 | D:4      | Bought a scroll of remove curse for 63 gold pieces
 21605 | D:4      | Bought a scroll of amnesia for 73 gold pieces
 21774 | D:11     | Bought a shimmering hand axe for 256 gold pieces
 21775 | D:11     | Identified the +4 hand axe of Dust {flame, MR+} (You bought it in a shop on level 11 of the Dungeon)
 21777 | D:11     | Bought an iridescent war axe for 272 gold pieces
 21777 | D:11     | Identified the +2 war axe of the Mind {chop, rElec rF- rC+ Dex+7} (You bought it in a shop on level 11 of the Dungeon)
 21781 | D:11     | Bought a brightly glowing broad axe for 288 gold pieces
 21781 | D:11     | Identified the +3 broad axe "Tietyss" {chop, -Tele rPois MR+} (You bought it in a shop on level 11 of the Dungeon)
 22043 | Orc:1    | Entered Level 1 of the Orcish Mines
 22316 | Orc:1    | Noticed a stone giant
 22336 | Orc:1    | Hit by a large rock thrown by a stone giant

Skill      XL: |  1  2  3  4  5  6  7  8  9 10 11 12 |
---------------+-------------------------------------+-----
Conjurations   | 1 2 3 4 5 6 8 9 |  9.9
Fighting       | 1 2 3 4 5 7 8 9 10 | 10.1
Dodging        | 2 3 4 |  4.6
Spellcasting   | 2 3 4 5 6 7 8 |  8.2
Armour         | 2 4 6 |  6.7
Charms         | 2 |  2.6
Stealth        | |  1.2
Air Magic      | |  2.6

Action                   |  1- 3 |  4- 6 |  7- 9 | 10-12 || total
-------------------------+-------+-------+-------+-------++-------
Melee: Short sword       |    78 |       |   164 |   566 ||   808
       Kick              |     7 |    14 |    40 |   129 ||   190
       Mace              |    10 |    80 |     1 |       ||    91
       Quarterstaff      |       |       |   111 |       ||   111
       Flail             |       |       |       |    10 ||    10
 Fire: Blowgun           |       |       |       |    10 ||    10
 Cast: Shock             |    69 |   175 |   181 |   444 ||   869
       Repel Missiles    |     1 |       |       |     3 ||     4
       Static Discharge  |       |     5 |    15 |    83 ||   103
Invok: Call Merchant     |       |       |       |     2 ||     2
Evoke: Wand              |       |       |     3 |    17 ||    20
  Use: Scroll            |     4 |     6 |     4 |    11 ||    25
       Potion            |     2 |       |    13 |     1 ||    16
 Stab: Distracted        |       |       |       |     3 ||     3
       Confused          |       |       |       |     2 ||     2
  Eat: Chunk             |     6 |    11 |     1 |       ||    18
       Beef jerky        |       |     1 |       |     3 ||     4
       Bread ration      |       |     1 |     4 |     2 ||     7
       Pizza             |       |       |     1 |     1 ||     2
       Fruit             |       |       |     1 |       ||     1
       Meat ration       |       |       |       |     3 ||     3
       Royal jelly       |       |       |       |     3 ||     3
Armor: Robe              |    37 |    67 |    44 |       ||   148
       Skin              |       |       |    53 |       ||    53
       Ring mail         |       |       |    53 |   388 ||   441
Dodge: Dodged            |    73 |    81 |   204 |   369 ||   727
       Deflected         |       |       |     1 |     5 ||     6
